 Dungeon Sprint DCSS version 0.21-a0-434-g806c6c2 (webtiles) character file.

5647 Coron the Tortoise (level 10, -5/108 HPs)
             Began as a Deep Dwarf Berserker on Nov 9, 2017.
             Was the Champion of Trog.
             Slain by a vampire knight
             ... wielding a +1 great mace
              (9 damage)
             ... in the Dungeon (Sprint VII: "The Pits").
             The game lasted 00:07:09 (1066 turns).

Coron the Tortoise (Deep Dwarf Berserker)           Turns: 1066, Time: 00:07:09

Health: -5/108     AC: 18    Str: 26      XL:     10   Next: 46%
Magic:  10/10      EV: 10    Int: 12      God:    Trog [******]
Gold:   0          SH:  0    Dex: 10 (12) Spells: 9/9 levels left

rFire    . . .     SeeInvis .   A - +1 broad axe (chop)
rCold    . . .     Gourm    .   (no shield)
rNeg     . . .     Faith    .   B - +4 chain mail
rPois    .         Spirit   .   (no helmet)
rElec    .         Reflect  .   (no cloak)
rCorr    .         Harm     .   (no gloves)
MR       +....     NoTele   +   (no boots)
Stlth    ..........             (no amulet)
HPRegen  0.00/turn              x - +3 ring of strength
MPRegen  0.12/turn              y - +3 ring of intelligence

@: lethally poisoned (-5 -> -8), berserk cooldown, non-regenerating, slowed,
very slow
A: damage resistance, heal wounds, deterioration 1, sense surroundings 2, no
regeneration
a: Heal Wounds, Berserk, Trog's Hand, Brothers in Arms, Burn Spellbooks,
Renounce Religion


You were in the Dungeon.
You worshipped Trog.
Trog was exalted by your worship.
You were not hungry.

You visited 1 branch

Inventory:

Hand Weapons
 a - a +0 hand axe
 j - a +3 antimagic broad axe
 k - a +2 hand axe
 s - a +1 hand axe of freezing
 u - a +4 antimagic broad axe
 A - a +1 broad axe of chopping (weapon)
Missiles
 t - 5 steel javelins (quivered)
Armour
 b - a +0 animal skin
 q - a +2 plate armour
 r - a +3 chain mail
 B - a +4 chain mail (worn)
Jewellery
 x - a +3 ring of strength (left hand)
 y - a +3 ring of intelligence (right hand)
Scrolls
 i - a scroll of blinking
 m - 3 scrolls of remove curse
 n - a scroll of summoning
Potions
 d - 5 potions of curing
 e - 7 potions of heal wounds
 f - a potion of haste
 g - 4 potions of magic
 h - 4 potions of berserk rage
 l - 2 potions of invisibility
 v - a potion of mutation
 w - a potion of resistance
 z - 2 potions of brilliance
Comestibles
 c - 8 bread rations
 o - 40 fruits
 p - 6 meat rations


   Skills:
 - Level 12.5 Fighting
 + Level 14.5 Axes
 + Level 16.8 Armour
 - Level 3.9 Dodging


You had 9 spell levels left.
You didn't know any spells.

Dungeon Overview and Level Annotations

Branches:
Dungeon (1/1)

Altars:
Ashenzari
Cheibriados
Dithmenos
Elyvilon
Fedhas
Gozag
Hepliaklqana
Kikubaaqudgha
Makhleb
Nemelex Xobeh
Okawaru
Qazlal
Ru
Sif Muna
Trog
Uskayaw
Vehumet
Wu Jian
Xom
Yredelemnul
Zin
The Shining One
Beogh
Jiyva
Lugonu


Innate Abilities, Weirdness & Mutations

You are resistant to damage.
You can heal yourself by infusing magical energy.
You passively map the area around you.
You do not regenerate.
Your body sometimes deteriorates upon taking damage.


Message History

Your body deteriorates!
You feel clumsy. The vampire knight closely misses you.
Unknown command.
You feel much better.
You feel very sick.
The vampire knight casts a spell.
The vampire knight seems to speed up.
You hit the vampire knight.
The vampire knight is lightly damaged.
You feel very sick.
The vampire knight hits you with an enchanted great mace!
* * * LOW HITPOINT WARNING * * *
The vampire knight bites you.
* * * LOW HITPOINT WARNING * * *
The vampire knight draws strength from your injuries!
The vampire knight hits you with an enchanted great mace!
* * * LOW HITPOINT WARNING * * *
Your body deteriorates!
You feel clumsy. The vampire knight bites you!
You die...

......# , , , , * *
* * ......# ,,
*#..#, , ,< , ,
#######* , , #..#, *
+* , ####### , #..#
, , ,, ..##..# #..#
* *, ,* ..##..# ,, ,
*#..# ,,,, ..''..#*
* #..# ,,
..''..##########V.#,
, *
..##...........)@.#
*,,
..##.............)#,
,,
###################*
* * * ** *** ** ** *
,, * * + , , ,#+#, ,
,* , , , * ,##.##,,,
, * ,* , ,** ##...##
, , ** , #.....# * ,
, * * *


You could see a vampire knight.

Vanquished Creatures
  A death yak (D)
  A death knight (D)
  A sea snake (D)
  A flayed ghost (D)
  A swamp dragon (D)
  A kobold demonologist (D)
  An efreet (D)
  2 freezing wraiths (D)
  A red devil (D)
  A troll (D)
  A guardian mummy (D)
  A hornet (D)
  Grum (D)
  A water moccasin (D)
  A floating eye (D)
  A swamp drake (D)
  An ogre (D)
  A necrophage (D)
  4 wolves (D)
  A crocodile (D)
  A crimson imp (D)
  A jelly (D)
  A quasit (D)
  An orc priest (D)
  An orc wizard (D)
  An iron imp (D)
  A worker ant (D)
  A mummy (D)
  3 adders (D)
  2 ufetubi (D)
  3 leopard geckos (D)
  2 orcs (D)
  2 hobgoblins (D)
  A ball python (D)
  2 frilled lizards (D)
  A rat (D)
48 creatures vanquished.

Notes
Turn   | Place    | Note
-------+----------+-------------------------------------------
     0 | D        | Coron the Deep Dwarf Berserker began the quest for the Orb.
     0 | D        | Reached XP level 1. HP: 20/20 MP: 1/1
    71 | D        | Reached ** piety under Trog
    94 | D        | Reached skill level 3 in Armour
    94 | D        | Reached XP level 2. HP: 26/28 MP: 2/2
   153 | D        | Reached *** piety under Trog
   155 | D        | Reached skill level 4 in Armour
   155 | D        | Reached XP level 3. HP: 16/36 MP: 3/3
   234 | D        | Noticed a necrophage
   235 | D        | Noticed a water moccasin
   245 | D        | Killed a water moccasin
   245 | D        | Reached skill level 5 in Fighting
   245 | D        | Reached skill level 6 in Armour
   245 | D        | Reached XP level 4. HP: 46/46 MP: 4/4
   247 | D        | Reached XP level 5. HP: 55/55 MP: 5/5
   250 | D        | Killed a necrophage
   250 | D        | Reached **** piety under Trog
   250 | D        | Reached skill level 7 in Armour
   260 | D        | Noticed an ogre
   269 | D        | Killed an ogre
   269 | D        | Received a gift from Trog
   269 | D        | Reached skill level 8 in Armour
   269 | D        | Reached XP level 6. HP: 23/66 MP: 6/6
   341 | D        | Noticed a kobold demonologist
   342 | D        | Noticed a neqoxec
   344 | D        | Gained mutation: Your body sometimes deteriorates upon taking damage. [a neqoxec]
   354 | D        | Noticed an ice devil
   354 | D        | Killed a kobold demonologist
   354 | D        | Reached ***** piety under Trog
   354 | D        | Reached skill level 10 in Axes
   354 | D        | Reached skill level 10 in Armour
   354 | D        | Reached XP level 7. HP: 75/75 MP: 7/7
   391 | D        | Noticed an efreet
   391 | D        | Noticed a guardian mummy
   406 | D        | Killed a guardian mummy
   411 | D        | Killed an efreet
   411 | D        | Reached skill level 11 in Armour
   411 | D        | Reached XP level 8. HP: 86/86 MP: 8/8
   454 | D        | Received a gift from Trog
   577 | D        | Found a bloodstained altar of Trog.
   577 | D        | Found a deep blue altar of Sif Muna.
   577 | D        | Found a viscous altar of Jiyva.
   577 | D        | Found a hazy altar of Hepliaklqana.
   577 | D        | Found an opulent altar of Gozag.
   578 | D        | Found a glowing golden altar of the Shining One.
   578 | D        | Found a glowing silver altar of Zin.
   578 | D        | Found a basalt altar of Yredelemnul.
   578 | D        | Found a shimmering altar of Xom.
   578 | D        | Found an ornate altar of the Wu Jian Council.
   578 | D        | Found a sacrificial altar of Ru.
   578 | D        | Found a stormy altar of Qazlal.
   578 | D        | Found an iron altar of Okawaru.
   578 | D        | Found a sparkling altar of Nemelex Xobeh.
   578 | D        | Found a burning altar of Makhleb.
   578 | D        | Found a blossoming altar of Fedhas.
   578 | D        | Found a white marble altar of Elyvilon.
   578 | D        | Found a shadowy altar of Dithmenos.
   578 | D        | Found a snail-covered altar of Cheibriados.
   580 | D        | Found a radiant altar of Vehumet.
   580 | D        | Found a corrupted altar of Lugonu.
   580 | D        | Found a roughly hewn altar of Beogh.
   581 | D        | Found a hide-covered altar of Uskayaw.
   581 | D        | Found an ancient bone altar of Kikubaaqudgha.
   581 | D        | Found a shattered altar of Ashenzari.
   622 | D        | Paralysed by a floating eye for 2 turns
   624 | D        | Reached skill level 10 in Fighting
   625 | D        | Noticed a death knight
   631 | D        | Killed a death knight
   631 | D        | Reached skill level 13 in Armour
   681 | D        | Noticed a freezing wraith
   681 | D        | Noticed a flayed ghost
   698 | D        | Gained mutation: You passively map the area around you. [Deep Dwarf growth]
   698 | D        | Reached XP level 9. HP: 97/97 MP: 9/9
   701 | D        | Killed a freezing wraith
   703 | D        | Killed a flayed ghost
   703 | D        | Reached ****** piety under Trog
   703 | D        | Received a gift from Trog
   703 | D        | Reached skill level 14 in Armour
   795 | D        | Noticed a freezing wraith
   796 | D        | Noticed a troll
   796 | D        | Noticed a death yak
   814 | D        | Killed a death yak
   814 | D        | Reached skill level 15 in Armour
   818 | D        | Killed a freezing wraith
   825 | D        | Killed a troll
   825 | D        | Received a gift from Trog
   825 | D        | Reached XP level 10. HP: 99/108 MP: 10/10
   964 | D        | Noticed a sea snake
   998 | D        | Killed a sea snake
   998 | D        | Reached skill level 16 in Armour
  1031 | D        | Noticed Grum
  1031 | D        | Noticed a swamp dragon
  1042 | D        | Killed Grum
  1044 | D        | Killed a swamp dragon
  1045 | D        | Received a gift from Trog
  1050 | D        | Noticed a vampire knight
  1051 | D        | Paralysed by a vampire knight for 5 turns
  1066 | D        | HP: 4/108 [vampire knight/enchanted great mace (16)]
  1066 | D        | Slain by a vampire knight

Vault maps used:
D:        pitsprint

Skill      XL: |  1  2  3  4  5  6  7  8  9 10 |
---------------+-------------------------------+-----
Fighting       | 3 5 7 8 9 11 12 | 12.5
Axes           | 4 6 8 10 11 12 14 | 14.5
Armour         | 3 4 6 8 10 11 13 15 16 | 16.8
Dodging        | 3 |  3.9

Action                   |  1- 3 |  4- 6 |  7- 9 | 10-12 || total
-------------------------+-------+-------+-------+-------++-------
Melee: Hand axe          |    27 |    34 |    24 |       ||    85
       Broad axe         |       |       |    43 |    33 ||    76
Invok: Trog's Hand       |     2 |     2 |     1 |     2 ||     7
       Berserk           |     2 |     1 |     4 |     1 ||     8
  Use: Potion            |       |       |       |     5 ||     5
  Eat: Chunk             |       |     2 |     5 |       ||     7
       Meat ration       |       |       |       |     1 ||     1
Armor: Animal skin       |     3 |       |       |       ||     3
       Chain mail        |     3 |    10 |    14 |    30 ||    57
Dodge: Dodged            |    19 |     6 |    31 |    15 ||    71

Table legend:
 A = Spawn XP
 B = Non-spawn XP
 C = Spawn XP percentage of total XP
 D = Spawn monster count
 E = Non-spawn monster count
 F = Spawn count percentage of total count
 G = Total turns spent on level
                    A         B        C        D         E        F      G
               +---------+---------+-------+---------+---------+-------+---------
         Total |       0 |    8068 |   0.0 |       0 |      48 |   0.0 |  1066
               +---------+---------+-------+---------+---------+-------+---------
             D |       0 |    8068 |   0.0 |       0 |      48 |   0.0 |  1066
               +---------+---------+-------+---------+---------+-------+---------
